 Dungeon Crawl Stone Soup version 0.21.1-1-g345015fe64 (webtiles) character file.

7197 Hercules1031 the Protected (level 10, -3/96 HPs)
             Began as a Deep Dwarf Fighter on June 10, 2018.
             Was an Elder of Makhleb.
             Slain by a balrug
             ... wielding a +0 demon whip of venom
             ... summoned by the player character
              (11 damage)
             ... on level 10 of the Dungeon.
             The game lasted 00:58:02 (8461 turns).

Hercules1031 the Protected (Deep Dwarf Fighter)     Turns: 8461, Time: 00:58:02

Health: -3/96      AC: 16    Str: 27      XL:     10   Next: 87%
Magic:  7/7        EV: 12    Int: 13 (14) God:    Makhleb [****..]
Gold:   225        SH:  0    Dex: 13      Spells: 9/9 levels left

rFire    + + +     SeeInvis .   p - +6 glaive of Big Damage {speed, *Slow rPois rF+++ rC-, Skull Splitter}
rCold    . . .     Gourm    .   (shield currently unavailable)
rNeg     + . .     Faith    .   H - +2 chain mail {rC+}
rPois    +         Spirit   .   (helmet restricted)
rElec    .         Reflect  .   (no cloak)
rCorr    .         Harm     .   f - +2 pair of gloves
MR       .....                  (no boots)
Stlth    ..........             s - amulet of rage
HPRegen  0.00/turn              o - +5 ring of intelligence
MPRegen  0.10/turn              w - ring of positive energy

@: mighty, lethally poisoned (-3 -> -8), vulnerable, non-regenerating, hasted,
very quick
A: damage resistance, heal wounds, beak, deterioration 1, sense surroundings 2,
no regeneration
a: Heal Wounds, Minor Destruction, Lesser Servant of Makhleb, Major Destruction,
Renounce Religion, Evoke Berserk Rage


You were on level 10 of the Dungeon.
You worshipped Makhleb.
Makhleb was greatly pleased with you.
You were very full.

You visited 2 branches of the dungeon, and saw 13 of its levels.
You also visited: Ossuary.

You collected 450 gold pieces.
You spent 225 gold pieces at shops.

Inventory:

Hand Weapons
 a - a +0 war axe
 p - the +6 glaive of Big Damage (weapon) {speed, *Slow rPois rF+++ rC-, Skull Splitter}
   (You took it off a centaur on level 5 of the Dungeon)

   Attacks with this weapon are significantly faster.
   It renders you almost immune to fire.
   It makes you vulnerable to cold.
   It protects you from poison.
   It may slow you when you take damage.
 r - a +3 flail of holy wrath
 z - a +0 morningstar
 I - a +4 mace
 J - a +2 trident
 K - a cursed -2 spear
 M - a +2 morningstar of freezing
 N - a +2 scimitar of flaming
Armour
 b - a +0 scale mail
 c - a +0 shield
 e - a +0 shield
 f - a +2 pair of gloves (worn)
 g - a +0 chain mail
 k - a +0 plate armour
 m - a +0 large shield
 u - a +1 ring mail of cold resistance
 x - a cursed +0 ring mail
 A - a +0 helmet
 H - a +2 chain mail of cold resistance (worn)
 L - a +0 helmet
Jewellery
 o - a +5 ring of intelligence (left hand)
 s - an amulet of rage (around neck)
 v - an uncursed ring of fire
 w - a ring of positive energy (right hand)
Wands
 n - a wand of enslavement (22)
 E - a wand of flame (53)
 F - a wand of polymorph (14)
 G - a wand of paralysis (6)
Scrolls
 h - 5 scrolls of remove curse
 q - 3 scrolls of teleportation
 y - 3 scrolls of amnesia
 C - 4 scrolls of identify
Potions
 d - 2 potions of might
 t - 4 potions of flight
 B - a potion of haste
Books
 i - a book of Minor Magic

   Spells                             Type                      Level
   a - Magic Dart                     Conjuration                  1
   b - Blink                          Translocation                2
   c - Call Imp                       Summoning                    2
   d - Slow                           Hexes                        2
   e - Conjure Flame                  Conjuration/Fire             3
   f - Mephitic Cloud                 Conjuration/Poison/Air       3
 j - a Young Poisoner's Handbook

   Spells                             Type                      Level
   a - Sting                          Conjuration/Poison           1
   b - Poisonous Vapours              Poison/Air                   2
   c - Mephitic Cloud                 Conjuration/Poison/Air       3
   d - Olgreb's Toxic Radiance        Poison                       4
   e - Venom Bolt                     Conjuration/Poison           5
 D - a book of Callings

   Spells                             Type                      Level
   a - Summon Small Mammal            Summoning                    1
   b - Call Imp                       Summoning                    2
   c - Call Canine Familiar           Summoning                    3
   d - Summon Guardian Golem          Hexes/Summoning              3
   e - Summon Lightning Spire         Summoning/Air                4
   f - Summon Ice Beast               Ice/Summoning                4
Comestibles
 l - 8 rations


   Skills:
 + Level 7.9 Fighting
 - Level 3.4(7.7) Axes
 - Level 3.8(4.3) Maces & Flails
 * Level 8.2(8.4) Polearms
 + Level 9.3 Armour
 + Level 5.8 Dodging
 - Level 6.0 Shields


You had 9 spell levels left.
You didn't know any spells.

Dungeon Overview and Level Annotations

Branches:
Dungeon (12/15)            Temple (1/1) D:5
   Lair: D:8-11         Orc: D:9-12

Altars:
Ashenzari
Cheibriados
Dithmenos
Elyvilon
Fedhas
Gozag
Hepliaklqana
Kikubaaqudgha
Makhleb
Nemelex Xobeh
Okawaru
Qazlal
Ru
Sif Muna
Trog
Uskayaw
Vehumet
Wu Jian
Xom
Yredelemnul
Zin
The Shining One

Shops:
D:7 [

Annotations:
D:10 Bapho's ghost, journeyman MfGl


Innate Abilities, Weirdness & Mutations

You are resistant to damage.
You can heal yourself by infusing magical energy.
You passively map the area around you.
You do not regenerate.
You have a beak for a mouth.
Your body sometimes deteriorates upon taking damage.


Message History

You feel sick.
Okay, then.
Okay, then.
You feel sick.
You feel sick.
You feel sick.
A demon appears!
It doesn't seem very happy.
You can no longer summon a greater servant of Makhleb.
You feel sick.
You feel sick. Bapho's ghost barely misses you.
You slash the bullfrog skeleton!
The bullfrog skeleton is heavily damaged.
You feel sick.
The bullfrog skeleton hits you but does no damage.
Okay, then.
You fail to use your ability.
You feel sick. Bapho's ghost hits you!
* * * LOW HITPOINT WARNING * * *
The balrug hits you with a demon whip of venom!
You die...

,
#.<.>..........#,
,#..............#
#..............#.#
#[.....####'#..#.#
########....####.#
, , .............#
,, .............#
, ,
,.###.........# ,
, #####2@..## ,,
#WZ..# , ,#.####
,#.# , +, ,, #.#
,, * #.# , ..# , ,
,, ..# * *#..#


You could see a balrug, Bapho's ghost and a bullfrog skeleton.

Vanquished Creatures
  Erica (D:9)
  A two-headed ogre (D:8)
  The ghost of solomon12318 the Charlatan, a novice GnAr of Nemelex Xobeh (D:6)
  Grinder (D:5)
  Prince Ribbit (D:6)
  6 spriggans (D:9)
  A yak (D:9)
  A wyvern (D:9)
  A steam dragon (D:10)
  Edmund (D:5)
  A black bear (D:8)
  3 ice beasts
  2 necrophages
  An orc warrior (D:7)
  3 ogres
  2 sky beasts
  2 centaurs (D:5)
  5 bullfrogs
  An elf zombie (Ossuary)
  3 big kobolds
  A killer bee (D:9)
  2 howler monkeys (D:7)
  5 wights (D:8)
  4 crimson imps
  2 centaur zombies (Ossuary)
  2 quasits
  6 orc priests
  4 hounds
  3 jellies
  10 orc wizards
  2 centaur skeletons
  An iguana (D:7)
  Terence (D:2)
  2 worker ants
  3 ogre zombies (Ossuary)
  A hound zombie (D:7)
  8 mummies
  4 gnolls (D:8)
  A howler monkey zombie (D:6)
  16 adders
  A shadow imp (D:10)
  7 adder zombies (Ossuary)
  An adder skeleton (D:6)
  A worm (D:5)
  A dart slug (D:2)
  4 leopard geckos
  37 orcs
  A ball python (D:2)
  4 giant cockroaches
  4 goblins
  3 hobgoblins
  16 jackals
  3 quokkas
  9 bats
  12 frilled lizards
  3 goblin zombies (Ossuary)
  3 hobgoblin zombies (Ossuary)
  17 kobolds
  A kobold zombie (Ossuary)
  A leopard gecko zombie (D:7)
  5 quokka zombies (Ossuary)
  6 rats
  4 rat zombies (Ossuary)
  A toadstool (D:1)
261 creatures vanquished.

Vanquished Creatures (others)
  An adder (D:7)
  3 toadstools (D:1)
4 creatures vanquished.

Grand Total: 265 creatures vanquished

Notes
Turn   | Place    | Note
-------+----------+-------------------------------------------
     0 | D:1      | Hercules1031 the Deep Dwarf Fighter began the quest for the Orb.
     0 | D:1      | Reached XP level 1. HP: 20/20 MP: 1/1
   269 | D:1      | Reached XP level 2. HP: 22/27 MP: 2/2
   581 | D:1      | Gained mutation: You expend magic power (3 MP) to strengthen your wands. [potion of mutation]
   581 | D:1      | Gained mutation: You are robust. (+10% HP) [potion of mutation]
   672 | D:1      | Reached XP level 3. HP: 30/36 MP: 3/3
   863 | D:2      | Reached skill level 4 in Armour
   880 | D:2      | Found a white marble altar of Elyvilon.
   891 | D:2      | Noticed Terence
   907 | D:2      | Killed Terence
   907 | D:2      | Reached XP level 4. HP: 37/46 MP: 4/4
  1041 | D:2      | Found a snail-covered altar of Cheibriados.
  1043 | D:2      | Found a stormy altar of Qazlal.
  1321 | D:2      | Found a shadowy altar of Dithmenos.
  1674 | D:3      | Found a sacrificial altar of Ru.
  1718 | D:3      | Reached XP level 5. HP: 42/53 MP: 5/5
  1945 | D:3      | Lost mutation: You expend magic power (3 MP) to strengthen your wands. [potion of mutation]
  1945 | D:3      | Lost mutation: You are robust. (+10% HP) [potion of mutation]
  1945 | D:3      | Gained mutation: Your body sometimes deteriorates upon taking damage. [potion of mutation]
  1945 | D:3      | Gained mutation: You have a beak for a mouth. [potion of mutation]
  2143 | D:3      | You fall through a shaft for 2 floors!
  2143 | D:5      | Entered Level 5 of the Dungeon
  2143 | D:5      | Found a staircase to the Ecumenical Temple.
  2150 | Temple   | Entered the Ecumenical Temple
  2226 | Temple   | Became a worshipper of Makhleb the Destroyer
  2415 | D:5      | Noticed Edmund
  2457 | D:5      | Killed Edmund
  2457 | D:5      | Reached skill level 5 in Armour
  2457 | D:5      | Reached skill level 5 in Shields
  2457 | D:5      | Reached XP level 6. HP: 33/56 MP: 6/6
  2484 | D:5      | Found an iron altar of Okawaru.
  2571 | D:5      | Noticed an ice beast
  2591 | D:5      | Killed an ice beast
  2591 | D:5      | Reached skill level 1 in Maces & Flails
  2695 | D:4      | Found a sand-covered staircase.
  2723 | Ossuary  | Entered an ossuary
  2792 | Ossuary  | Reached XP level 7. HP: 41/64 MP: 6/6
  2798 | Ossuary  | Reached * piety under Makhleb
  3525 | D:3      | Reached ** piety under Makhleb
  4070 | D:4      | Found a radiant altar of Vehumet.
  4120 | D:4      | Reached skill level 5 in Fighting
  4150 | D:4      | Reached skill level 6 in Armour
  4252 | D:4      | Reached XP level 8. HP: 74/74 MP: 6/6
  4398 | D:5      | Got an uncursed crystal glaive {speed}
  4404 | D:5      | Identified the +6 glaive of Big Damage {speed, *Slow rPois rF+++ rC-} (You took it off a centaur on level 5 of the Dungeon)
  4424 | D:5      | Noticed Grinder
  4430 | D:5      | Killed Grinder
  4430 | D:5      | Reached skill level 1 in Polearms
  4475 | D:5      | Found a deep blue altar of Sif Muna.
  4623 | D:5      | Found a hazy altar of Hepliaklqana.
  5130 | D:6      | Noticed solomon12318's ghost (novice GnAr)
  5140 | D:6      | Killed solomon12318's ghost
  5140 | D:6      | Reached skill level 7 in Armour
  5394 | D:6      | Found a bloodstained altar of Trog.
  5403 | D:6      | Found a basalt altar of Yredelemnul.
  5412 | D:6      | Found a shattered altar of Ashenzari.
  5676 | D:6      | Gained mutation: You passively map the area around you. [Deep Dwarf growth]
  5676 | D:6      | Reached XP level 9. HP: 77/82 MP: 7/7
  5795 | D:6      | Noticed Prince Ribbit
  5809 | D:6      | Killed Prince Ribbit
  5809 | D:6      | Reached skill level 1 in Dodging
  5915 | D:7      | Found a shattered altar of Ashenzari.
  6042 | D:7      | Found Riguf's Antique Armour Shoppe.
  6067 | D:7      | Bought a shiny chain mail for 225 gold pieces
  6117 | D:7      | Reached skill level 5 in Polearms
  6121 | D:7      | Reached *** piety under Makhleb
  6654 | D:8      | Reached skill level 8 in Armour
  6859 | D:8      | Reached **** piety under Makhleb
  7154 | D:8      | Noticed a two-headed ogre
  7161 | D:8      | Killed a two-headed ogre
  7161 | D:8      | Reached XP level 10. HP: 84/93 MP: 8/8
  7237 | D:9      | Noticed Erica
  7252 | D:9      | Killed Erica
  7603 | D:9      | You fall through a shaft for 3 floors!
  7751 | D:10     | Entered Level 10 of the Dungeon
  7860 | D:9      | Reached skill level 5 in Dodging
  7941 | D:9      | Reached skill level 9 in Armour
  8405 | D:10     | Reached ***** piety under Makhleb
  8438 | D:10     | Noticed Bapho's ghost (journeyman MfGl)
  8458 | D:10     | Noticed a balrug
  8461 | D:10     | Slain by a balrug

Skill      XL: |  1  2  3  4  5  6  7  8  9 10 |
---------------+-------------------------------+-----
Fighting       | 3 4 5 6 7 |  7.9
Armour         | 4 5 6 7 8 9 |  9.3
Shields        | 4 5 6 |  6.0
Axes           | 3 |  3.4
Maces & Flails | 1 3 |  3.8
Polearms       | 4 6 8 |  8.2
Dodging        | 4 5 |  5.8

Action                   |  1- 3 |  4- 6 |  7- 9 | 10-12 || total
-------------------------+-------+-------+-------+-------++-------
Melee: War axe           |   133 |   289 |       |       ||   422
       Peck              |       |    27 |    62 |    14 ||   103
       Flail             |       |    86 |   209 |       ||   295
       Glaive            |       |       |   211 |   160 ||   371
Invok: Major Destruction |       |       |       |     1 ||     1
       Greater Servant o |       |       |       |     1 ||     1
 Abil: Heal Wounds       |       |     3 |     2 |     2 ||     7
  Use: Potion            |     5 |     2 |    14 |     3 ||    24
       Scroll            |       |     5 |     8 |     3 ||    16
  Eat: Ration            |     2 |     2 |     5 |     1 ||    10
Armor: Scale mail        |    35 |       |       |       ||    35
       Chain mail        |    69 |       |   119 |    89 ||   277
       Plate armour      |    21 |   398 |   118 |       ||   537
Dodge: Dodged            |    34 |    25 |   106 |    57 ||   222
Block: Shield            |   110 |    21 |       |       ||   131
       Large shield      |       |   377 |   211 |       ||   588
